 Dungeon Crawl Stone Soup version 0.29-a0-9-g022ca4c890 (webtiles) character file.

Game seed: 12017764178040964874

0 SkeletonJelly the Ducker (level 1, -10/11 HPs)
             Began as a Spriggan Abyssal Knight on Jan 28, 2022.
             Was a Follower of Lugonu.
             Mangled by a large abomination (21 damage)
             ... on level 2 of the Abyss.
             The game lasted 00:01:27 (228 turns).

SkeletonJelly the Ducker (Spriggan Abyssal Knight)   Turns: 228, Time: 00:01:28

Health: -10/11     AC:  1    Str:  9    XL:     1   Next: 0%
Magic:  3/3        EV: 17    Int: 11    God:    Lugonu [*.....]
Gold:   0          SH:  0    Dex: 15    Spells: 0/0 levels left

rFire   . . .      SeeInvis +   a - +1 short sword
rCold   . . .      Faith    .   (no shield)
rNeg    . . .      Spirit   .   b - +0 robe
rPois   .          Reflect  .   (helmet restricted)
rElec   .          Harm     .   (no cloak)
rCorr   .          Rampage  .   (gloves unavailable)
Will    .....                   (boots unavailable)
Stlth   +.........              (no amulet)
HPRegen 0.03/turn               (no ring)
MPRegen 0.08/turn               (no ring)

@: slow
A: very small, no large weapons, unfitting armour, see invisible, speed 3,
deformed body
a: Renounce Religion, Depart the Abyss


You were on level 2 of the Abyss.
You worshipped Lugonu.
Lugonu was aware of your devotion.
You visited 0 branches of the dungeon, and saw 0 of its levels.
You visited the Abyss 1 time.

Inventory:

Hand Weapons
 a - a +1 short sword (weapon)
Armour
 b - a +0 robe (worn)


   Skills:
 + Level 2.4 Fighting
 + Level 2.1 Short Blades
 + Level 3.2 Dodging
 + Level 1.7 Invocations


You couldn't memorise any spells.
You didn't know any spells.
Your spell library was empty.

Dungeon Overview and Level Annotations

Branches:
Dungeon (0/15)

Altars:


Innate Abilities, Weirdness & Mutations

You are very small and have problems with some larger weapons.
You are too small for most types of armour.
You have supernaturally acute eyesight. (SInv)
You cover ground extremely quickly. (Speed+++)
Armour fits poorly on your strangely shaped body.


Message History

Welcome, SkeletonJelly the Spriggan Abyssal Knight.
Will you prevail where others failed? Will you find the Orb of Zot?
Lugonu says: Depart the Abyss and spread corruption, my servant! (use the ability menu to exit the Abyss) Press ? for a list of commands and other information.
Found a corrupted altar of Lugonu.
Found a gateway leading out of the Abyss.
A quasit comes into view.
A small abomination comes into view.
A tentacled starspawn comes into view.
A tentacle flies out from the starspawn's body!
A starspawn tentacle comes into view.
A ynoxinul comes into view.
The ynoxinul bellows!
A vampire mage comes into view.
Found a gateway leading deeper into the Abyss.
There is a gateway leading deeper into the Abyss here.
You plunge deeper into the Abyss.
Found a gateway leading out of the Abyss.
Unknown command.
A raiju comes into view.
The neqoxec shouts!
You hear a bark!
The neqoxec gestures at you.
Strange energies course through your body.
Your body twists and deforms.
A small abomination comes into view.
An earth elemental comes into view.
A small abomination comes into view.
A large abomination and a chaos spawn come into view.
The chaos spawn gives a hideous shriek!
A large abomination comes into view.
The chaos spawn gibbers incoherently in a cacophony of voices.
The large abomination completely misses you.
A large abomination comes into view.
You enter the shallow water.
Moving in this stuff is going to be slow.
The large abomination hits you!!
Ouch! That really hurt!
You die...

...... ## ...
.#...... ..##....
........ ...#....
≈≈≈≈≈
.≈##.≈≈≈.###.
#≈≈≈≈≈
≈..≈≈≈≈≈...
....≈≈# ≈≈≈≈≈≈≈≈≈
#≈≈.##≈≈≈≈≈≈# ##
#@XX≈# ≈#.# #.
#≈≈#x.≈≈≈.##
....####..#.... .
###.#.....#x#....
#.##..####.X.#.#
.. ##..##..
#...4##.# #...##
.####x...X.# .
....###..#......
.# .#.#.#..# #
#..#


You could see 2 large abominations and a small abomination.

Vanquished Creatures (others)
  2 starspawn tentacles (Abyss:1)
2 creatures vanquished.

Notes
Turn   | Place    | Note
-------+----------+-------------------------------------------
     0 | Abyss:1  | SkeletonJelly the Spriggan Abyssal Knight began the quest
                  | for the Orb.
     0 | Abyss:1  | Reached XP level 1. HP: 11/11 MP: 3/3
    45 | Abyss:1  | Noticed a quasit
    62 | Abyss:1  | Noticed a small abomination
    76 | Abyss:1  | Noticed a tentacled starspawn
    88 | Abyss:1  | Noticed a ynoxinul
   106 | Abyss:1  | Noticed a vampire mage
   156 | Abyss:2  | Noticed a raiju
   177 | Abyss:2  | Noticed a neqoxec
   179 | Abyss:2  | Gained mutation: Armour fits poorly on your strangely
                  | shaped body. [a neqoxec]
   186 | Abyss:2  | Noticed a small abomination
   206 | Abyss:2  | Noticed an earth elemental
   207 | Abyss:2  | Noticed a small abomination
   217 | Abyss:2  | Noticed a large abomination
   217 | Abyss:2  | Noticed a chaos spawn
   218 | Abyss:2  | Noticed a large abomination
   222 | Abyss:2  | Noticed a large abomination
   228 | Abyss:2  | Mangled by a large abomination

Illustrated notes

Levels and vault maps discovered:
Abyss:2:  base:
Temple

Action                   || total
-------------------------++-------
Dodge: Dodged            ||     1

Table legend: (Time is in decaauts)
 A = Elapsed time spent in this place.
 B = Non-inter-level travel time spent in this place.
 C = Inter-level travel time spent in this place.
 D = Time resting spent in this place.
 E = Time spent auto-exploring this place.
 F = Levels seen in this place.
 G = Mean time per level.
                   A        B        C        D        E       F      G
               +--------+--------+--------+--------+--------+-----+--------+
         Total |    138 |    138 |      0 |      0 |     47 |   2 |   69.0 |
         Abyss |    138 |    138 |      0 |      0 |     47 |   2 |   69.0 |
               +--------+--------+--------+--------+--------+-----+--------+

Top non-repeatable levels by time:
 Abyss:1: 71 daAuts
 Abyss:2: 66 daAuts
